Cogmind - Beta 17 @@@ ROGUE MODE // 2026.08.26 @ 07:35:37 Player: Niamak Result: Self-destructed Performance ------------- Evolutions (3) 1500 Regions Visited (7) 1400 Robots Destroyed (44) 220 Value Destroyed (1312) 1312 Prototype IDs (3) 60 Alien Tech Used (0) 0 Bonus (289) 289 TOTAL SCORE: 4781 Bonus ------- Follower Combat Kills 339 Friendly Fire -50 Cogmind --------- Core Integrity 516/700 Matter 190/300 Energy 290/290 System Corruption 3% Temperature Warm (161) Movement Walking (130) Location -7/Factory Parts ------- > --- POWER (1) -------- Improved Deuterium Engine > --- PROPULSION (3) --- Improved Titanium Leg Improved Titanium Leg Improved Titanium Leg > --- UTILITY (6) ------ Improved Heat Sink Medium Storage Unit Advanced Targeting Computer Weapon Cycler Light Regenerative Plating > --- WEAPON (3) ------- Heavy Ion Cannon Gauss Rifle > --- INVENTORY (10) --- Light Nuclear Core Improved Titanium Leg Compact Matter Pod (66) Experimental Targeting Computer Improved EM Shotgun Heavy EM Shotgun Advanced Beam Cannon Heavy Ion Cannon Heavy Flail Peak State ------------ > --- POWER ------------ Improved Deuterium Engine > --- PROPULSION ------- Improved Titanium Leg Improved Titanium Leg Improved Titanium Leg > --- UTILITY ---------- Improved Heat Sink Medium Storage Unit Advanced Targeting Computer Weapon Cycler Light Regenerative Plating Hacking Suite > --- WEAPON ----------- Heavy Ion Cannon Gauss Rifle Gauss Rifle > --- INVENTORY -------- Light Nuclear Core Improved Titanium Leg Compact Matter Pod Experimental Targeting Computer Improved EM Shotgun Heavy EM Shotgun Advanced Beam Cannon Heavy Ion Cannon Heavy Flail [Rating: 51] Favorites ----------- Power Improved Ion Engine Engine Improved Ion Engine Power Core Light Nuclear Core Propulsion Light Treads Treads Light Treads Leg Improved Titanium Leg Wheel Wheel Utility Improved Heat Sink Device Improved Heat Sink Storage Small Storage Unit Processor Advanced Targeting Computer Hackware Hacking Suite Protection Medium Armor Plating Weapon Assault Cannon Energy Gun EM Pulse Gun Energy Cannon Heavy Particle Cannon Ballistic Gun Gauss Rifle Ballistic Cannon Assault Cannon Launcher Grenade Launcher Impact Weapon Heavy Flail Build | -11 -10 -10 -10 -9 -8 -8 -7 ------- Run | Yrd Mat Min Exi Min Mat Sto Fac Slots Evolved 6 | . . . . . 4 . 2 Power . | . . . . . . . . Propulsion 1 | . . . . . 1 . . Utility 4 | . . . . . 2 . 2 Weapon 1 | . . . . . 1 . . Parts Attached 55 | 6 . . . 5 14 14 16 Power 5 | . . . . 1 . 2 2 Engine 3 | . . . . 1 . 1 1 Core 2 | . . . . . . 1 1 Reactor . | . . . . . . . . Propulsion 13 | 2 . . . 2 4 2 3 Treads 8 | . . . . 2 4 2 . Leg 3 | . . . . . . . 3 Wheel 2 | 2 . . . . . . . Hover . | . . . . . . . . Flight . | . . . . . . . . Utility 19 | 2 . . . . 5 5 7 Device 9 | 1 . . . . 3 3 2 Storage 3 | 1 . . . . . 1 1 Processor 3 | . . . . . 1 . 2 Hackware 1 | . . . . . . . 1 Protection 3 | . . . . . 1 1 1 Artifact . | . . . . . . . . Weapon 18 | 2 . . . 2 5 5 4 Energy Gun 3 | 1 . . . 1 1 . . Energy Cannon 3 | . . . . . 1 1 1 Ballistic Gun 6 | 1 . . . 1 1 . 3 Ballistic Cannon 4 | . . . . . 1 3 . Launcher 1 | . . . . . 1 . . Special Weapon . | . . . . . . . . Impact Weapon 1 | . . . . . . 1 . Slashing Weapon . | . . . . . . . . Piercing Weapon . | . . . . . . . . Special Melee Weapon . | . . . . . . . . Unidentified Prototypes 1 | . . . . . . . 1 Parts Lost 6 | . . . . . . 1 5 Power . | . . . . . . . . Propulsion 2 | . . . . . . . 2 Utility 3 | . . . . . . 1 2 Weapon 1 | . . . . . . . 1 Highest Loss Streak 3 | . . . . . . 1 3 To Critical Strikes 1 | . . . . . . . 1 Average Backups 8 | 4 6 7 8 7 7 8 9 Power 1 | 1 2 2 2 2 2 . 1 Propulsion . | 1 2 2 2 2 . . . Utility 2 | . 1 1 1 1 2 4 3 Weapon 3 | . 1 2 3 2 2 2 5 Tool/Special . | . . . . . . . . Unused Backups 18 | . . . . 1 4 5 8 Power 3 | . . . . . . 2 1 Propulsion 3 | . . . . . 2 . 1 Utility 4 | . . . . . 1 2 1 Weapon 8 | . . . . 1 1 1 5 Tool/Special . | . . . . . . . . Average Slot Usage (%) 94 | . 85 85 85 90 94 98 94 Engine 4 | . . . . 5 9 8 . Core 1 | . . . . . . . 6 Treads 16 | . . . . 13 22 26 10 Leg 2 | . . . . . . . 7 Wheel 5 | . 28 28 28 14 . . . Device 15 | . 14 14 14 14 12 17 15 Storage 9 | . 14 14 14 14 9 9 7 Processor 3 | . . . . . 8 . 7 Hackware 1 | . . . . . . . 6 Protection 5 | . . . . . 5 8 7 Energy Gun 5 | . 14 14 14 14 9 2 . Energy Cannon 5 | . . . . . 1 8 5 Ballistic Gun 8 | . 14 14 14 14 9 2 12 Ballistic Cannon 5 | . . . . . 5 11 3 Peak Build Rating 51 | 6 6 7 7 11 21 27 51 Average Rating 23 | 4 6 6 7 7 18 24 38 On Entrance 10 | . 6 6 7 7 11 21 27 Avg Prop Armor Cover (%) . | . . . . . . . . Naked Turns . | . . . . . . . . Heaviest Build 45 | 10 10 10 10 19 32 44 45 Greatest Support 60 | 26 26 26 26 40 60 60 60 Greatest Overweight (x) 1 | . . . . . . 1 1 Average Overweight (x) . | . . . . . . . . Largest Inventory Capacity 10 | 8 8 8 8 8 8 10 10 Average Capacity 8 | 7 8 8 8 8 8 8 10 Most Carried 10 | 7 7 8 8 8 8 10 10 Average Carried 8 | 4 6 7 8 7 7 8 9 Final Capacity 10 | 8 8 8 8 8 8 10 10 Final Carried 10 | 6 7 8 8 8 8 10 9 Class Distribution -------------------- 27% | Gunner 23% | Scavenger-Tank 18% | Mutant 13% | Scavenger-Gunner 8% | Scavenger-Skirmisher 7% | Scavenger-Mutant Dominant Class ---------------- Mutant | -10/Materials Mutant | -10/Mines Mutant | -10/Exiles Scavenger-Mutant | -9/Mines Scavenger-Tank | -8/Materials Scavenger-Tank | -8/Storage Gunner | -7/Factory Resources | -11 -10 -10 -10 -9 -8 -8 -7 ----------- Run | Yrd Mat Min Exi Min Mat Sto Fac Matter Collected 1489 | 264 . 23 . 30 313 601 258 Remotely . | . . . . . . . . Salvage Created 1487 | 168 . . . . 440 556 323 Parts 100 | 13 . . . . 29 31 27 Haulers Intercepted 1 | . . . . . . 1 . Recyclers Shooed 4 | 2 . . . . 1 1 . Parts Field Recycled . | . . . . . . . . Retrieved Matter . | . . . . . . . . Parts Self-Destructed . | . . . . . . . . Prevented . | . . . . . . . . Parts Restored . | . . . . . . . . Kills | -11 -10 -10 -10 -9 -8 -8 -7 ------- Run | Yrd Mat Min Exi Min Mat Sto Fac Combat Hostiles Destroyed 32 | . . . . . 12 12 8 Guns 13 | . . . . . 7 2 4 Cannons 19 | . . . . . 5 10 4 Classes Destroyed 12 | 2 . . . . 3 4 3 Worker 3 | . . . . . . 3 . Builder 2 | . . . . . . 2 . Tunneler 4 | 3 . . . . 1 . . Hauler 1 | . . . . . . 1 . Recycler 1 | 1 . . . . . . . Operator 1 | . . . . . . . 1 Swarmer 10 | . . . . . 3 3 4 Grunt 9 | . . . . . 3 6 . Brawler 1 | . . . . . . 1 . Protector 1 | . . . . . . . 1 Sentry 9 | . . . . . 6 2 1 Programmer 2 | . . . . . . . 2 Best Kill Streak 5 | 3 . . . . 3 5 3 Combat Bots Only 3 | . . . . . 3 3 3 Max Kills in Single Turn 2 | 1 . . . . 2 2 1 Gunslinging . | . . . . . . . . Exploded . | . . . . . . . . Melee . | . . . . . . . . Uniques/NPCs Destroyed . | . . . . . . . . Combat | -11 -10 -10 -10 -9 -8 -8 -7 -------- Run | Yrd Mat Min Exi Min Mat Sto Fac Hostile Shots Fired 246 | . . 4 . 2 32 85 123 Missed 74 | . . 1 . 1 5 25 42 Hits 172 | . . 3 . 1 27 60 81 Melee 2 | . . . . . . 2 . Projectile 170 | . . 3 . 1 27 58 81 AOE 3 | . . 3 . . . . . Critical Strikes 8 | . . . . . 1 3 4 Damage Taken 2517 | . . 87 . 19 359 838 1214 Core 339 | . . 43 . 14 36 62 184 Absorbed by Shields . | . . . . . . . . Regen/Repaired (Parts) 102 | . . . . . . 98 4 Core Remaining (%) 86 | 100 . . . 77 . 82 . Volleys Fired 93 | 9 . . . . 22 40 22 Largest 3 | 2 . . . . 3 3 3 Hottest 154 | 60 . . . . 154 154 121 Shots Fired 268 | 18 . . . . 66 117 67 Gun 134 | 18 . . . . 44 24 48 Cannon 134 | . . . . . 22 93 19 Launcher . | . . . . . . . . Special . | . . . . . . . . Kinetic 164 | 9 . . . . 42 65 48 Thermal 95 | . . . . . 24 52 19 Explosive . | . . . . . . . . Electromagnetic 9 | 9 . . . . . . . Robot Hit Streak 12 | 3 . . . . 8 10 12 Robot Miss Streak 9 | 2 . . . . 9 5 4 Penetration Max 1 | . . . . . . . 1 Secondary Targets . | . . . . . . . . Shots Hit Robots 146 | 8 . . . . 48 50 40 Core Hits 100 | 5 . . . . 51 23 21 Critical Kills 2 | . . . . . . . 2 Critical Parts Destroyed . | . . . . . . . . Critical Strikes 3 | . . . . . . 1 2 Destroy 2 | . . . . . . . 2 Blast 1 | . . . . . . 1 . Melee Attacks 5 | . . . . . . 5 . Impact 5 | . . . . . . 5 . Slashing . | . . . . . . . . Piercing . | . . . . . . . . Sneak Attacks . | . . . . . . . . Combat Hostiles . | . . . . . . . . Follow-up Attacks . | . . . . . . . . Damage Inflicted 3160 | 99 . . . 11 812 1282 956 Guns 1432 | 99 . . . . 595 82 656 Cannons 1702 | . . . . . 210 1192 300 Explosions . | . . . . . . . . Melee . | . . . . . . . . Ramming 26 | . . . . 11 7 8 . Kinetic 1815 | 48 . . . . 460 651 656 Thermal 1268 | . . . . . 345 623 300 Explosive . | . . . . . . . . Electromagnetic 51 | 51 . . . . . . . Impact . | . . . . . . . . Slashing . | . . . . . . . . Piercing . | . . . . . . . . Highest Corruption 3 | . . . . . . . 3 Average Corruption 1 | . . . . . . . 1 Corruption Purged . | . . . . . . . . Corruption Blocked . | . . . . . . . . Effects 3 | . . . . . . . 3 Matter Fused 2 | . . . . . . . 2 Misfires 1 | . . . . . . . 1 Overload Shots . | . . . . . . . . Overflow Damage 44 | . . . . . . 44 . Projectiles 44 | . . . . . . 44 . Explosions . | . . . . . . . . Melee . | . . . . . . . . Knockbacks 12 | . . . . 1 2 9 . Impact 1 | . . . . 1 . . . Kinetic 8 | . . . . . 1 7 . Secondary 3 | . . . . . 1 2 . Self-Inflicted Damage 5 | . . . . 5 . . . Shots . | . . . . . . . . Rammed 7 | . . . . 1 1 4 1 Targets Rammed 7 | . . . . 1 1 4 1 Kicked . | . . . . . . . . Crushed . | . . . . . . . . Highest Temperature 517 | . . . . . 239 517 188 Average Temperature 109 | . . . . . 47 158 47 Received Heat Transfer 636 | . . . . 9 108 396 123 Effects 5 | . . . . . 1 4 . Shutdowns 1 | . . . . . . 1 . Energy Bleed 2 | . . . . . 1 1 . Matter Decay 2 | . . . . . . 2 . Siege Activations . | . . . . . . . . Martial Activations . | . . . . . . . . Shielding Activations . | . . . . . . . . Robots Disrupted . | . . . . . . . . Combat Hostiles . | . . . . . . . . Robots Corrupted . | . . . . . . . . Combat Hostiles . | . . . . . . . . Parts Fried . | . . . . . . . . Impact Corruptions . | . . . . . . . . Robots Melted . | . . . . . . . . Combat Hostiles . | . . . . . . . . Parts Melted 1 | . . . . . . . 1 Heat Transferred 1736 | . . . . . 459 925 352 Parts Sabotaged . | . . . . . . . . Parts Stolen . | . . . . . . . . Parts Stripped . | . . . . . . . . Power Chain Reactions . | . . . . . . . . Alert | -11 -10 -10 -10 -9 -8 -8 -7 ------- Run | Yrd Mat Min Exi Min Mat Sto Fac Maximum Alert Level 2 | . . . . . . 2 . Low Security (%) 73 | 100 100 100 . 100 100 30 100 Level 1 26 | . . . . . . 69 . Level 2 . | . . . . . . . . Level 3 . | . . . . . . . . Level 4 . | . . . . . . . . Level 5 . | . . . . . . . . High Security . | . . . . . . . . Max Security . | . . . . . . . . Peak Influence 400 | 10 7 . . . 151 400 133 Initial 116 | . . . . . . 19 116 Average 110 | 1 1 . . . 42 228 54 Influence Increases 1652 | 20 7 . . . 337 934 354 Destroy 0b10 Robot/C 940 | . . . . . 240 460 240 Destroy 0b10 Robot/NC 75 | 20 . . . . 5 40 10 Destroy Leader 276 | . . . . . 70 146 60 Allied During Kill 190 | . . . . . . 164 26 Successful Hack 50 | . 7 . . . 5 20 18 Disable Machine 75 | . . . . . 15 60 . Destroy Structure 31 | . . . . . 2 29 . Lose Combat Pursuer 15 | . . . . . . 15 . Influence Decreases 1620 | 20 7 . . . 290 724 579 Entered New Map 169 | . . . . . . 28 141 Time Decay 1025 | 20 7 . . . 144 486 368 Lost Part 40 | . . . . . . 10 30 Lost Ally 240 | . . . . . . 200 40 Purge Threat 146 | . . . . . 146 . . Squads Dispatched 12 | . . . . . 3 6 3 Investigation . | . . . . . . . . Extermination 3 | . . . . . . . 3 Reinforcement 2 | . . . . . 1 1 . Assault 2 | . . . . . . 2 . Garrison 5 | . . . . . 2 3 . Intercept . | . . . . . . . . Searches Triggered . | . . . . . . . . Construction Impeded . | . . . . . . . . Haulers Reinforced . | . . . . . . . . Active Scanning Responses . | . . . . . . . . Cargo Convoy Interrupts 1 | . . . . . . . 1 Stealth | -11 -10 -10 -10 -9 -8 -8 -7 --------- Run | Yrd Mat Min Exi Min Mat Sto Fac Distress Signals 7 | . . . . . 2 4 1 Communications Jammed . | . . . . . . . . Distress Signals . | . . . . . . . . Times Spotted 73 | . . 3 . 2 17 25 26 Peak Tracking Total 11 | . . 2 . 2 4 5 11 Tactical Retreats 2 | . . 1 . . . 1 . Traps | -11 -10 -10 -10 -9 -8 -8 -7 ------- Run | Yrd Mat Min Exi Min Mat Sto Fac Traps Triggered 4 | . . . . . . 3 1 Indirectly . | . . . . . . . . Trap Hack Attempts . | . . . . . . . . Triggered . | . . . . . . . . Disarmed . | . . . . . . . . Reprogrammed . | . . . . . . . . Reused . | . . . . . . . . Traps Extracted . | . . . . . . . . Installed . | . . . . . . . . Triggered . | . . . . . . . . Machines | -11 -10 -10 -10 -9 -8 -8 -7 ---------- Run | Yrd Mat Min Exi Min Mat Sto Fac Machines Disabled 5 | . . . . . 1 4 . Max in Single Turn 1 | . . . . . 1 1 . Garrison Access 1 | . . . . . 1 . . Machines Repaired . | . . . . . . . . Machines Dismantled . | . . . . . . . . Machines Sabotaged . | . . . . . . . . Overloaded Fab Kills . | . . . . . . . . Hacking | -11 -10 -10 -10 -9 -8 -8 -7 --------- Run | Yrd Mat Min Exi Min Mat Sto Fac Machines Accessed 22 | . 1 . 1 . 6 8 6 Terminals 17 | . 1 . . . 5 7 4 Fabricators . | . . . . . . . . Repair Stations 1 | . . . . . . 1 . Recycling Units 2 | . . . . . . . 2 Scanalyzers . | . . . . . . . . Garrison Access 1 | . . . . . 1 . . Total Hacks 61 | . 3 . 1 . 17 21 19 Successful 31 | . 1 . 1 . 6 9 14 Failed 30 | . 2 . . . 11 12 5 Catastrophic 8 | . 1 . . . 5 1 1 Database Lockouts . | . . . . . . . . Manual 12 | . . . . . 3 7 2 Terminals 53 | . 3 . . . 15 18 17 Fabricators . | . . . . . . . . Repair Stations 3 | . . . . . . 3 . Recycling Units 2 | . . . . . . . 2 Scanalyzers . | . . . . . . . . Garrison Access 2 | . . . . . 2 . . Terminal Hacks 27 | . 1 . 1 . 5 7 13 Record 4 | . . . 1 . . . 3 Prototype ID Bank 1 | . . . . . . . 1 Open Door 2 | . . . . . . 2 . Branch Access Points 2 | . 1 . . . . . 1 Emergency Access Points 2 | . . . . . . . 2 Alert Level 1 | . . . . . 1 . . Unreport Threat 1 | . . . . . 1 . . Locate Traps 5 | . . . . . . 1 4 Investigation Status 1 | . . . . . . 1 . Reinforcement Status 1 | . . . . . 1 . . Assault Status 1 | . . . . . . 1 . Zone Layout 6 | . . . . . 2 2 2 Fabricator Hacks . | . . . . . . . . Repair Station Hacks 2 | . . . . . . 2 . Scan Component 1 | . . . . . . 1 . Repair 1 | . . . . . . 1 . Recycling Unit Hacks 1 | . . . . . . . 1 Report Inventory 1 | . . . . . . . 1 Scanalyzer . | . . . . . . . . Garrison Access Hacks 1 | . . . . . 1 . . Seal Access 1 | . . . . . 1 . . Unauthorized Hacks . | . . . . . . . . Terminals . | . . . . . . . . Fabricators . | . . . . . . . . Repair Stations . | . . . . . . . . Recycling Units . | . . . . . . . . Scanalyzers . | . . . . . . . . Garrison Access . | . . . . . . . . Data Cores Recovered 1 | . . . . . . . 1 Used . | . . . . . . . . Hacking Detections 20 | . 1 . . . 6 8 5 Full Trace Events 1 | . . . . . . 1 . Feedback Events . | . . . . . . . . Feedback Blocked . | . . . . . . . . Robot Schematics Acquired . | . . . . . . . . Robots Built . | . . . . . . . . Authchips . | . . . . . . . . Time . | . . . . . . . . Total Robot Build Rating . | . . . . . . . . Part Schematics Acquired . | . . . . . . . . Parts Built . | . . . . . . . . Authchips . | . . . . . . . . Time . | . . . . . . . . Total Part Build Rating . | . . . . . . . . Part Studies Acquired . | . . . . . . . . Parts Repaired 1 | . . . . . . 1 . Time 32 | . . . . . . 32 . Parts Recycled . | . . . . . . . . Recycled Matter . | . . . . . . . . Retrieved Matter . | . . . . . . . . Retrieved Components . | . . . . . . . . Parts Scanalyzed . | . . . . . . . . Part Schematics Acquired . | . . . . . . . . Parts Damaged . | . . . . . . . . Bothacking | -11 -10 -10 -10 -9 -8 -8 -7 ------------ Run | Yrd Mat Min Exi Min Mat Sto Fac Used RIF Installer . | . . . . . . . . Robots Hacked . | . . . . . . . . Non-combat . | . . . . . . . . Combat . | . . . . . . . . Robot Hacks Applied . | . . . . . . . . Relay Couplers Released . | . . . . . . . . Fabnet Peak Effective % . | . . . . . . . . Robots Rewired . | . . . . . . . . Allies Hacked . | . . . . . . . . Hacks Repelled . | . . . . . . . . Allies | -11 -10 -10 -10 -9 -8 -8 -7 -------- Run | Yrd Mat Min Exi Min Mat Sto Fac Total Allies 12 | . . . . . . 12 . Largest Group 10 | . . . . . . 10 2 Highest-Rated Group 173 | . . . . . . 173 62 Highest-Rated Ally 31 | . . . . . . 31 31 Total Orders 1 | . . . . . . 1 . ROAM 1 | . . . . . . 1 . Ally Attacks 115 | . . . . . . 96 19 Total Damage 1472 | . . . . . . 1135 337 Kills 18 | . . . . . . 13 5 Allies Corrupted . | . . . . . . . . Allies Melted . | . . . . . . . . Intel | -11 -10 -10 -10 -9 -8 -8 -7 ------- Run | Yrd Mat Min Exi Min Mat Sto Fac Active Infowar (turns) 1782 | 7 25 95 338 321 185 705 106 Terrain 995 | . . . . . 184 705 106 Seismic 908 | 7 25 95 338 321 122 . . Robot Analysis Total . | . . . . . . . . Derelict Logs Recovered 1 | . . . . 1 . . . Drone Launches . | . . . . . . . . Drone Recoveries . | . . . . . . . . Exploration | -11 -10 -10 -10 -9 -8 -8 -7 ------------- Run | Yrd Mat Min Exi Min Mat Sto Fac Turns Passed 3638 | 87 25 95 338 321 443 1262 1067 Spaces Moved 2257 | 48 27 105 376 268 203 638 592 Core 2 | 2 . . . . . . . Treads 1306 | . . . . 94 203 638 371 Legs 221 | . . . . . . . 221 Wheels 728 | 46 27 105 376 174 . . . Hover . | . . . . . . . . Flight . | . . . . . . . . Fastest Speed 50 | 50 90 90 90 90 160 160 130 Average Speed 137 | 87 90 90 90 114 160 160 162 Slowest Speed 240 | 90 90 90 90 160 160 240 240 Overloaded Moves . | . . . . . . . . Propulsion Burnouts . | . . . . . . . . Robots Hopped . | . . . . . . . . Potential Cave-ins . | . . . . . . . . Cave-ins Triggered . | . . . . . . . . Exploration Rate (%) 35 | 3 9 30 88 49 18 65 20 Regions Visited 7 Branch Regions 4 Pre-discovered Areas . | . . . . . . . . Known Exits Taken 3 | . 1 . . . 1 1 . Unknown Exits Taken 4 | 1 . 1 1 1 . . . Scrap Searched 3 | . . 1 . 2 . . . Spaces Dug 2 | . . . . . . 2 . Terrain Destroyed 29 | . . . . . 1 27 1 Melee 2 | . . . . . . 2 . Projectile 27 | . . . . . 1 25 1 AOE . | . . . . . . . . Terrain Rammed . | . . . . . . . . Walls Destroyed . | . . . . . . . . Machines Disabled . | . . . . . . . . Actions | -11 -10 -10 -10 -9 -8 -8 -7 --------- Run | Yrd Mat Min Exi Min Mat Sto Fac Total 2577 | 74 27 105 375 282 276 778 660 Wait 55 | . . . . 3 15 36 1 Move 2250 | 47 26 104 375 267 202 637 592 Hop . | . . . . . . . . Pick Up 49 | 12 1 1 . 1 9 16 9 Fast Attach 21 | . . . . 5 3 8 5 Attach 17 | 6 . . . . 3 5 3 Detach . | . . . . . . . . Swap 30 | . . . . . 8 12 10 Drop 47 | . . . . 5 13 15 14 Fire 93 | 9 . . . . 22 40 22 Melee 5 | . . . . . . 5 . Ram 1 | . . . . 1 . . . Kick . | . . . . . . . . Crush 6 | . . . . . 1 4 1 Escape Stasis 3 | . . . . . . . 3 Rewire . | . . . . . . . . Trap . | . . . . . . . . Miscellaneous . | . . . . . . . . Route ------- -11/Scrapyard -10/Materials (discovered 2 exits: *Min x2) -10/Mines -10/Exiles -9/Mines -8/Materials (discovered 3 exits: Fac / *Sto x2) -8/Storage -7/Factory (discovered 2 exits: Low x2) History --------- Turn | Location | Event 32 | -11/Scrapyard | Discovered new exit (range 13) 88 | -11/Scrapyard | Entered Materials 101 | -10/Materials | Discovered new exit (range 13) 103 | -10/Materials | Identified exit to Mines 113 | -10/Materials | Entered Mines 147 | -10/Mines | YI-UF0 nonchalantly dropped a Grenade Launcher on the ground 205 | -10/Mines | Deemed a non-threat by the Exiles lab entrance 205 | -10/Mines | Discovered new exit (range 5) 208 | -10/Mines | Entered Exiles 208 | -10/Exiles | Found Exiles lab abandoned 311 | -10/Exiles | Build established: Mutant 535 | -10/Exiles | Discovered new exit (range 14) 546 | -10/Exiles | Entered Mines 695 | -9/Mines | Joined a pair of Derelicts in attacking an 0b10 outpost 812 | -9/Mines | Learned location of 2 exits from Materials 852 | -9/Mines | Discovered new exit (range 5) 867 | -9/Mines | Entered Materials 867 | -8/Materials | Evolved 4 slots: Propulsion x1, Utility x2, Weapon x1 868 | -8/Materials | Identified exit to Factory 868 | -8/Materials | Identified exit to Storage 1060 | -8/Materials | Garrison activated, responded to threat 1304 | -8/Materials | Discovered exit to Storage (range 4) 1310 | -8/Materials | Entered Storage 1322 | -8/Storage | Assisted by bots powering up and referring to "LRC-V3" 1345 | -8/Storage | Garrison activated, responded to threat 1365 | -8/Storage | Found Prototype Protection 1425 | -8/Storage | Found Prototype Processor 1710 | -8/Storage | Build established: Scavenger-Tank 2082 | -8/Storage | Repaired Med. Armor Plating 2354 | -8/Storage | Discovered exit to Factory (range 18) 2525 | -8/Storage | Met a pair of Derelict thieves 2572 | -8/Storage | Entered Factory 2572 | -7/Factory | Accompanied by 2 allies 2572 | -7/Factory | Evolved 2 slots: Utility x2 3187 | -7/Factory | Build established: Gunner 3489 | -7/Factory | Identified exit to Lower Caves 3624 | -7/Factory | Cargo convoy interrupted 3626 | -7/Factory | Identified Lgt. Regenerative Plating 3639 | -7/Factory | Self-destructed Last Messages --------------- 03629_ Penetrated by Slug. 03630_ Slug penetrates A-27 Freighter. 03631_ Penetrated by Slug. 03631_ P-60 Hacker destroyed. 03631_ K-01 Serf collects debris. 03632_ Slug penetrates H-55 Commando. 03632_ Critical hit (Burn: +37). 03633_ Slug penetrates Wall. 03633_ K-01 Serf collects debris. 03633_ Slug penetrates I-36 Angel. 03634_ Hacking Suite destroyed. 03635_ K-01 Serf collects debris. 03636_ Slug penetrates X-67 Chaingunner. 03636_ Slug penetrates I-36 Angel. 03636_ I-36 Angel suffers critical hit (Destroy). 03636_ I-36 Angel destroyed. 03637_ Gauss Rifle destroyed. 03638_ K-01 Serf collects debris. 03638_ Slug penetrates H-55 Commando. 03638_ H-55 Commando destroyed. Map ----- +----------------------------------------------------+ | ???????????????????????????????? ####### #?? | | ???????????????????????????????? + #?? | | ????????????????????????????????" " ####### ### | | ????????????????????????????????"R" #####?# | | ????????????????????????????????""" + #?# ^ ^ | | ???????????????????????????????? ### #?# "" | | ????????????????????????????????#+#####+### ^ "" | | ????????????????????????????????# # ## """ | | ???????????????????????????? ???# # """ ## ^""" | | ???????????????????????????# ???# # """ ## ^^""" | | ##################?????????# ???# # """ ## | | # [ #?????????# ???# # ## | | # #?????????# #??# ###+###### "T" | | # |#?????????# #### """ | | # * [* ########### ^ ^ | | # =%!! + ?? u = | | + [! #?????????# ""A [%[ #### | | # ! = #?????????# m k ! #??? | | # =![ #?????????# ^ #??? | | # ! | ! #?????????#^ r k """ #??? | | ##+######+##################!! """ #??? | | ^ u !! !/! """ #??? | | ^ =! !/! #??? | | ^^ x%* i !!! #??? | | pxx! ############# #??? | | ^ k %%@[% ## # #??? | | #+#######+#############/##;;+## # #??? | | #?????# p # # #??? | | """ """ #?????#""" # ?# #??? | | """ """ #?????#"Y # # #??? | | """ """ #?????#""" """" # # #### | | #?????# """" # + | | """ """ #?????#! """" # # | | """ """ #?????# ! """" # # | | """ """ #?????# """" # !?##+###+## | | ? ? #?????# """" # ??# # | | ? ? #?????# # ???# # | | ? ? #?????# = # ???# """ # | | ? ? #?????# ] # ????# """ # | | ###?###?####?????############## ????# """ # | | ??????????????????????????????#######?????# # | | ??????????????????????????????????????????# """ # | | ??????????????????????????????????????????# """ # | | ??????????????????????????????????????????# """ # | | ??????????????????????????????????????????# + | | ??????????????????????????????????????????# """ # | | ??????????????????????????????????????????# """ # | | ??????????????????????????????????????????# """ # | | ??????????????????????????????????????????# # | | ??????????????????????????????????????????######## | +----------------------------------------------------+ Best States ------------- Heat Dissipation 48 Energy Generation 16 Energy Capacity 290 Matter Stores 300 Matter Capacity 300 Sight Range 16 Terrain Scan Range 16 Terrain Scan Density 85 Armor Coverage 225 Weapon Cycling 15 Evasion (%) 55 Targeting Accuracy 8 Recoil Reduction 3 Particle Charging 15 Offensive Hacking 10 Item Schematics ----------------- None Robot Schematics ------------------ None Fabricated ------------ Nothing Repaired ---------- Med. Armor Plating | 18% | -8/Storage Studied --------- None Alien Tech Used ----------------- None Achievements -------------- Bumper Bots Jackpot Challenges ------------ None Game ------ Seed AuthchipTransportHarness Manual? 0 Play Time 01:14:11 Cumulative 20.9 hours Start 2026.08.25 @ 20:52:14 End 2026.08.26 @ 07:35:37 Sessions 3 Manual Loads 0 Difficulty Rogue Special Mode None Game No. 30 Rogue 30 Adventurer 0 Explorer 0 Win Type - Total 0 Types 0/0/0/0/0/0/0/0/0/0 Lore% 13 Gallery% 19 Achievement% 19 Wizard Run 0 Options --------- Layout 2 ASCII 0 Keyboard 0 Movement Mouse Keybinds 0 Fullscreen 1 Font 16/SmallcapsGlow Map View 55x47 Zoom Use 0% Tactical HUD 1 Map Filters NONE Filters NONE Steam X RUN: 8a491783-6ca4-4e4c-bf48-706cd4cf6a4b